 Dungeon Crawl Stone Soup version 0.18.1-8-gdd0e5ea (webtiles) character file.

160 Gadfly the Chiller (level 5, -5/39 HPs)
             Began as a Draconian Ice Elementalist on June 10, 2016.
             Killed by nerve-wracking pain
             ... invoked by Grinder
              (11 damage)
             ... on level 3 of the Dungeon on June 11, 2016.
             The game lasted 00:17:48 (2891 turns).

Gadfly the Chiller (Draconian Ice Elementalist)     Turns: 2891, Time: 00:17:48

Health: -5/39      AC: 11    Str: 10    XL:     5   Next: 17%
Magic:  9/9        EV: 13    Int: 17    God:
Gold:   153        SH:  0    Dex: 11    Spells: 3 memorised, 3 levels left

rFire  . . .     SeeInvis .       - Unarmed
rCold  . . .     Gourm    .     (armour unavailable)
rNeg   . . .     Faith    .     (no shield)
rPois  .         Spirit   .     (helmet restricted)
rElec  .         Dismiss  .     c - +0 cloak
rCorr  .         Reflect  .     (no gloves)
SustAt .         Harm     .     (no boots)
MR     .....                    (no amulet)
Stlth  ++........               (no ring)
                                (no ring)

@: icy armour (expiring), slow, not resistant to hostile enchantments,
unstealthy
A: unfitting armour, regeneration 1, cold-blooded, AC +5
a: no special abilities


You were on level 3 of the Dungeon.
You were hungry.

You visited 1 branch of the dungeon, and saw 3 of its levels.

You collected 153 gold pieces.

Inventory:

Armour
 c - a +0 cloak (worn)
Scrolls
 e - a scroll of fog
 i - a scroll of remove curse
Potions
 g - 2 potions of flight
Books
 a - a book of Frost

   Spells                             Type                      Level
   a - Freeze                         Ice                          1
   b - Throw Frost                    Conjuration/Ice              2
   c - Ozocubu's Armour               Charms/Ice                   3
   d - Throw Icicle                   Conjuration/Ice              4
   e - Summon Ice Beast               Ice/Summoning                4
Comestibles
 b - 2 bread rations
 d - 4 meat rations
 f - 4 beef jerkies
 j - a royal jelly
 m - 5 chunks of flesh


   Skills:
 + Level 0.4 Fighting
 + Level 3.1 Dodging
 - Level 1.7 Stealth
 + Level 1.1 Unarmed Combat
 + Level 2.7 Spellcasting
 + Level 1.5 Conjurations
 * Level 4.1 Ice Magic


You had 3 spell levels left.
You knew the following spells:

 Your Spells              Type           Power        Failure   Level  Hunger
a - Freeze                Ice            ###.         3%          1    #......
b - Throw Frost           Conj/Ice       ##....       10%         2    ##.....
c - Ozocubu's Armour      Chrm/Ice       #.......     24%         3    ###....


Dungeon Overview and Level Annotations

Branches:
Dungeon (3/15)

Altars:
Okawaru

Annotations:
D:3 Grinder


Innate Abilities, Weirdness & Mutations

Your plain brown scales are hard (AC +5).
Your body does not fit into most forms of armour.
You are cold-blooded and may be slowed by cold attacks.
Your natural rate of healing is unusually fast.


Message History

Grinder gestures at you. Pain shoots through your body!
Grinder gestures at you. Pain shoots through your body!
Grinder hits you but does no damage.
Your icy armour starts to melt.
Grinder blinks!
There is a stone staircase leading down here.
You completely miss Grinder.
Grinder is moderately wounded.
Grinder hits you.
* * * LOW HITPOINT WARNING * * *
You writhe in agony.
* * * LOW HITPOINT WARNING * * *
Read which item? (? for menu, Esc to quit)
As you read the scroll of fear, it crumbles to dust.
You assume a fearsome visage.
Grinder is unaffected.
Grinder gestures at you. Pain shoots through your body!
You die...

...# #.####.# ...#
######....#.#
...###......##.#.#
...'.'......<#.#.####
...###.......#.#....#
......(........#....#
####.###########....####
. ......................
[...............@5......
........................
.## #...####.####.......
#..................#
#####....##............#
....#..#.##............#
.##.#..#.##.......##.#.#
.##.#....##.......+ .#.#
.##.#....# #......####.#


You could see Grinder.

Vanquished Creatures
  Crazy Yiuf (D:3)
  Jessica (D:2)
  2 adders
  An ooze (D:3)
  2 worms (D:2)
  2 dart slugs (D:1)
  4 giant geckos
  2 orcs (D:3)
  2 giant cockroaches
  2 goblins
  8 hobgoblins
  8 jackals
  2 quokkas (D:2)
  4 ball pythons
  6 bats
  6 giant newts
  8 kobolds
  9 rats
70 creatures vanquished.

Notes
Turn   | Place    | Note
--------------------------------------------------------------
     0 | D:1      | Gadfly the Draconian Ice Elementalist began the quest for the Orb.
     0 | D:1      | Reached XP level 1. HP: 14/14 MP: 3/3
   330 | D:1      | Gained mutation: Your natural rate of healing is unusually fast. [potion of beneficial mutation]
   359 | D:1      | Reached XP level 2. HP: 5/20 MP: 0/5
   466 | D:1      | Learned a level 2 spell: Throw Frost
  1089 | D:1      | Reached XP level 3. HP: 26/26 MP: 0/6
  1440 | D:2      | Noticed Jessica
  1450 | D:2      | Killed Jessica
  1450 | D:2      | Reached skill level 1 in Unarmed Combat
  1450 | D:2      | Reached XP level 4. HP: 15/34 MP: 2/7
  1455 | D:2      | Learned a level 3 spell: Ozocubu's Armour
  1563 | D:2      | Found an iron altar of Okawaru.
  2460 | D:3      | Noticed Crazy Yiuf
  2469 | D:3      | Killed Crazy Yiuf
  2469 | D:3      | Reached skill level 4 in Ice Magic
  2469 | D:3      | Reached XP level 5. HP: 35/39 MP: 2/9
  2829 | D:3      | Noticed Grinder
  2838 | D:3      | Paralysed by Grinder for 7 turns
  2875 | D:3      | Paralysed by Grinder for 2 turns
  2891 | D:3      | Killed from afar by Grinder

Skill      XL: |  1  2  3  4 |
---------------+-------------+-----
Dodging        | 2 3 |  3.1
Unarmed Combat | 1 |  1.1
Ice Magic      | 4 |  4.1
Fighting       | |  0.4
Stealth        | |  1.7
Spellcasting   | |  2.7
Conjurations   | |  1.5

Action                   |  1- 3 |  4- 6 || total
-------------------------+-------+-------++-------
Melee: Unarmed           |   160 |    95 ||   255
       Tailslap          |    15 |     5 ||    20
 Cast: Freeze            |    21 |    10 ||    31
       Throw Frost       |    24 |    36 ||    60
       Ozocubu's Armour  |       |     4 ||     4
  Use: Scroll            |     4 |     3 ||     7
       Potion            |     2 |     1 ||     3
 Stab: Sleeping          |     1 |       ||     1
  Eat: Chunk             |     4 |     7 ||    11
Armor: Skin              |    67 |    34 ||   101
Dodge: Dodged            |   137 |    59 ||   196
